Map: 2000 Atmospheres LE

Players

ShaDoWn

  • Race: Protoss Protoss
  • League: Grandmaster

BlyOnFire (Bly) - Winner!

  • Race: Zerg Zerg

Event: DreamHack SC2 Masters 2021 Summer

VOD

Have the link to the VOD?

Description

Time

  • Played on: May 28, 2021, 1:09 p.m.
  • Length: 19:00

All games in this series

Show
View Real Time Build Order
Export as new Build Order

ShaDoWn Protoss 

Build Orders: 1 Gate Expand, Oracle Opening, Carriers 

Get SALT Encoding   

  12  0:00  Probe  
  13  0:12  Probe  
  14  0:19  Pylon  
  14  0:24  Probe  
  15  0:37  Probe (Chrono Boost)  
  15  0:40  Gateway  
  16  0:47  Probe (Chrono Boost)  
  17  0:52  Probe (Chrono Boost), Assimilator  
  18  1:03  Probe  
  19  1:15  Probe  
  20  1:28  Nexus  
  20  1:38  Cybernetics Core  
  20  1:40  Probe  
  21  1:47  Assimilator  
  21  1:54  Probe  
  22  1:55  Pylon  
  22  2:06  Probe (Chrono Boost)  
  23  2:12  Adept (Chrono Boost)  
  23  2:15  Warp Gate  
  25  2:18  Probe (Chrono Boost)  
  26  2:23  Probe (Chrono Boost)  
  26  2:28  Stargate  
  27  2:34  Probe (Chrono Boost)  
  27  2:36  Stalker  
  29  2:40  Probe (Chrono Boost)  
  30  2:49  Probe x2 (Chrono Boost)  
  32  2:54  Probe (Chrono Boost)  
  32  2:56  Probe  
  34  3:06  Probe  
  34  3:08  Probe  
  34  3:12  Oracle (Chrono Boost)  
  39  3:15  Gateway  
  39  3:18  Probe  
  40  3:20  Probe  
  40  3:22  Pylon  
  40  3:23  Adept  
  43  3:30  Probe  
  43  3:32  Probe  
  45  3:39  Assimilator  
  45  3:45  Probe x2 (Chrono Boost)  
  45  3:46  Oracle (Chrono Boost)  
  50  3:50  Pylon  
  52  3:56  Probe (Chrono Boost)  
  52  3:58  Probe (Chrono Boost)  
  52  4:01  Probe (Chrono Boost)  
  53  4:06  Probe  
  54  4:11  Probe, Adept x2  
  54  4:16  Oracle  
  62  4:17  Pylon  
  62  4:29  Nexus  
  62  4:33  Assimilator  
  62  4:34  Pylon  
  62  4:35  Probe x2  
  62  4:46  Twilight Council  
  62  4:47  Probe x2, Forge  
  64  4:57  Adept  
  64  4:59  Probe x2  
  68  5:00  Shield Battery  
  68  5:03  Adept  
  70  5:11  Probe x2  
  70  5:12  Pylon  
  72  5:20  Blink  
  72  5:23  Probe x2  
  72  5:26  Protoss Ground Weapons Level 1 (Chrono Boost)  
  74  5:29  Sentry x2  
  74  5:33  Gateway  
  78  5:35  Probe x2  
  78  5:38  Gateway  
  80  5:48  Probe x2 (Chrono Boost)  
  80  5:49  Probe (Chrono Boost)  
  83  5:54  Sentry  
  83  5:55  Sentry  
  87  5:59  Gateway  
  87  6:00  Probe (Chrono Boost)  
  87  6:03  Probe (Chrono Boost), Gateway  
  80  6:05  Probe (Chrono Boost)  
  80  6:06  Probe (Chrono Boost)  
  80  6:07  Probe (Chrono Boost), Robotics Facility  
  82  6:14  Probe  
  82  6:15  Assimilator  
  82  6:17  Assimilator  
  82  6:18  Stalker x2  
  87  6:19  Probe  
  87  6:20  Probe  
  87  6:24  Pylon  
  87  6:25  Photon Cannon  
  89  6:26  Probe  
  89  6:30  Stalker  
  92  6:41  Stalker x2  
  96  6:49  Stalker  
  96  6:51  Pylon  
  98  6:56  Observer (Chrono Boost)  
  98  6:59  Robotics Facility  
  98  7:00  Robotics Bay  
  99  7:02  Photon Cannon  
  99  7:05  Pylon  
  99  7:10  Warp Prism (Chrono Boost), Stalker x3  
  107  7:24  Protoss Ground Weapons Level 2 (Chrono Boost)  
  107  7:28  Gateway  
  107  7:31  Gateway  
  107  7:33  Probe, Gateway  
  107  7:34  Dark Shrine  
  108  7:38  Phoenix (Chrono Boost)  
  108  7:42  Probe  
  110  7:45  Probe  
  110  7:50  Shield Battery  
  103  7:54  Photon Cannon, Phoenix  
  103  7:59  Stalker x6  
  103  8:01  Disruptor (Chrono Boost)  
  117  8:09  Pylon  
  117  8:14  Probe  
  117  8:19  Phoenix  
  120  8:26  Probe  
  121  8:30  Probe, Nexus  
  121  8:31  Shield Battery  
  122  8:34  Photon Cannon  
  122  8:35  Photon Cannon  
  122  8:36  Photon Cannon  
  122  8:38  Photon Cannon, Disruptor x2  
  127  8:42  Photon Cannon  
  127  8:44  Phoenix  
  128  8:56  Photon Cannon  
  128  8:58  Pylon  
  128  9:00  Pylon  
  128  9:14  Nexus  
  128  9:16  Probe, Disruptor, Pylon  
  132  9:20  Pylon  
  132  9:21  Dark Templar x4  
  140  9:24  Pylon  
  140  9:30  Phoenix (Chrono Boost)  
  140  9:32  Probe  
  140  9:33  Archon x2  
  140  9:35  Observer  
  140  9:36  Photon Cannon  
  142  9:42  Probe  
  142  9:43  Stargate  
  143  9:47  Shield Battery  
  143  9:49  Photon Cannon, Phoenix (Chrono Boost)  
  145  9:52  Photon Cannon  
  145  9:55  Photon Cannon  
  145  9:59  Photon Cannon  
  145  10:10  Assimilator  
  140  10:14  Assimilator  
  140  10:15  Probe  
  140  10:18  Phoenix  
  140  10:23  Probe, Stalker  
  140  10:24  Stalker x2  
  140  10:26  Probe  
  140  10:27  Probe  
  146  10:35  Probe, Protoss Ground Weapons Level 3 (Chrono Boost)  
  143  10:38  Probe  
  143  10:39  Fleet Beacon  
  143  10:40  Probe  
  144  10:43  Protoss Air Weapons Level 1 (Chrono Boost)  
  144  10:47  Probe  
  145  10:52  Warp Prism  
  145  10:55  Photon Cannon, Shield Battery  
  147  11:06  Probe x3  
  150  11:18  Probe  
  149  11:20  Carrier x2 (Chrono Boost)  
  157  11:53  Nexus  
  157  11:56  Pylon  
  157  11:59  Pylon  
  157  12:00  Pylon  
  156  12:02  Stargate  
  154  12:09  Carrier x2 (Chrono Boost)  
  166  12:26  Immortal (Chrono Boost)  
  170  12:35  Zealot x4  
  170  12:36  Zealot x3, Immortal (Chrono Boost)  
  182  12:37  Zealot  
  182  12:39  Probe  
  182  12:46  Charge (Chrono Boost)  
  182  12:50  Carrier  
  184  12:52  Probe x2  
  184  12:58  Immortal  
  174  13:00  Probe  
  175  13:09  Immortal  
  175  13:11  Carrier, Nexus  
  175  13:12  Carrier, Pylon  
  191  13:14  Zealot  
  192  13:25  Cybernetics Core  
  192  13:27  Protoss Air Weapons Level 2 (Chrono Boost)  
  191  13:37  Observer  
  189  14:01  Dark Templar x5  
  193  14:02  Dark Templar  
  193  14:06  Archon x2  
  193  14:07  Archon  
  188  14:13  Carrier (Chrono Boost)  
  188  14:14  Carrier (Chrono Boost)  
  188  14:20  Carrier (Chrono Boost)  
  188  14:34  Nexus  
  188  14:40  Pylon  
  188  14:46  Pylon  
  188  14:52  Pylon  
  188  15:02  Protoss Air Armor Level 1 (Chrono Boost)  
  188  15:04  Void Ray  
  188  15:08  Dark Templar x3  
  188  15:09  Dark Templar  
  188  15:12  Archon  
  188  15:13  Archon  
  196  15:25  Nexus, Void Ray  
  194  15:34  Observer  
  199  15:36  Shield Battery  
  199  15:40  Photon Cannon  
  199  15:42  Photon Cannon  
  199  15:44  Photon Cannon  
  199  15:46  Photon Cannon  
  199  15:47  Protoss Shields Level 1 (Chrono Boost)  
  199  15:49  Templar Archives  
  199  15:57  Protoss Air Weapons Level 3 (Chrono Boost)  
  199  16:05  Probe  
  199  16:10  Photon Cannon  
  191  16:22  Psionic Storm  
  182  16:29  High Templar x4  
  182  16:30  Void Ray  
  182  16:31  Void Ray  
  198  16:55  Nexus  
  198  16:57  Pylon  
  198  17:03  Pylon  
  198  17:12  Pylon  
  197  17:16  Oracle  
  197  17:21  Shield Battery  
  200  17:23  Photon Cannon  
  200  17:24  Photon Cannon  
  200  17:25  Photon Cannon  
  188  17:46  Photon Cannon x3  
  188  17:48  Photon Cannon  
  188  17:49  Pylon  
  188  17:51  Shield Battery  
  174  18:13  Stalker x5  
  174  18:16  Probe  
  150  18:21  Probe  
  150  18:25  High Templar x3  
  116  18:27  High Templar  
Show
View Real Time Build Order
Export as new Build Order

BlyOnFire Zerg - Winner!

Build Orders: Hatch First, Muta Ling Bane 

Get SALT Encoding   

  12  0:00  Drone  
  13  0:12  Overlord  
  13  0:17  Drone  
  14  0:30  Drone x2  
  16  0:41  Drone  
  17  0:51  Hatchery  
  17  0:55  Drone  
  17  0:57  Drone  
  18  1:09  Extractor  
  17  1:13  Spawning Pool  
  17  1:16  Drone  
  17  1:19  Drone  
  18  1:27  Drone  
  19  1:39  Drone  
  20  1:50  Overlord  
  20  2:00  Queen  
  22  2:03  Queen  
  22  2:04  Zergling x4  
  26  2:11  Drone  
  26  2:12  Metabolic Boost  
  27  2:18  Drone  
  28  2:35  Hatchery  
  27  2:38  Drone  
  27  2:39  Drone  
  27  2:40  Drone  
  27  2:41  Drone  
  31  2:46  Queen  
  33  2:52  Overlord  
  33  2:58  Drone x2  
  35  3:06  Overlord  
  35  3:13  Drone x5  
  40  3:23  Overlord  
  40  3:26  Queen  
  42  3:30  Spore Crawler  
  42  3:32  Drone x3  
  44  3:41  Drone x4  
  48  3:49  Drone x2, Queen  
  48  3:53  Spore Crawler  
  51  3:56  Zergling x6  
  54  4:03  Zergling x4  
  56  4:13  Zergling x4  
  56  4:14  Zergling x4  
  60  4:18  Spore Crawler  
  60  4:19  Drone  
  59  4:32  Drone x5  
  59  4:36  Lair  
  62  4:47  Extractor  
  62  4:49  Extractor  
  54  4:53  Drone x8  
  54  4:54  Roach Warren  
  54  4:56  Drone x2  
  63  5:03  Drone x2  
  65  5:14  Drone  
  65  5:15  Overlord x2  
  65  5:18  Spore Crawler  
  65  5:25  Drone, Extractor, Overlord  
  65  5:26  Extractor, Overlord  
  65  5:28  Overlord  
  64  5:35  Zergling x16  
  67  5:36  Zergling x4  
  67  5:37  Glial Reconstitution  
  67  5:39  Extractor  
  72  5:50  Drone x6  
  72  5:52  Hatchery  
  75  6:07  Drone x10  
  84  6:14  Spire, Overseer  
  84  6:17  Evolution Chamber, Overseer  
  82  6:22  Drone x3  
  82  6:24  Infestation Pit, Roach  
  82  6:25  Roach x3  
  92  6:39  Overlord x2  
  92  6:42  Overlord  
  92  6:43  Overlord  
  92  6:49  Overlord  
  92  7:01  Drone x4  
  96  7:11  Roach  
  96  7:12  Roach x4  
  106  7:20  Roach x10  
  127  7:22  Ravager x2  
  127  7:23  Ravager x2  
  127  7:26  Zerg Flyer Weapons Level 1  
  129  7:34  Overlord  
  129  7:37  Overlord  
  128  7:46  Overlord  
  127  8:01  Hive  
  127  8:05  Zerg Melee Weapons Level 1  
  127  8:06  Drone x14  
  141  8:13  Hatchery  
  139  8:21  Baneling Nest  
  139  8:22  Extractor  
  139  8:24  Extractor, Spore Crawler  
  135  8:27  Spine Crawler  
  135  8:32  Overlord  
  134  8:41  Hatchery, Mutalisk x10  
  134  8:48  Zergling x14  
  155  9:00  Mutalisk  
  155  9:01  Mutalisk  
  158  9:03  Overlord x3  
  158  9:04  Centrifical Hooks  
  157  9:11  Drone x2  
  159  9:26  Adrenal Glands  
  159  9:29  Ultralisk Cavern, Greater Spire  
  159  9:30  Zergling x36  
  176  9:33  Drone  
  176  9:36  Spine Crawler  
  176  9:52  Drone x4  
  180  9:53  Evolution Chamber  
  180  9:56  Spine Crawler  
  180  9:57  Spine Crawler  
  180  9:58  Zergling x6  
  180  9:59  Zergling x20  
  180  10:32  Corruptor x6  
  180  10:33  Corruptor x2  
  182  10:44  Baneling x19  
  182  10:55  Zerg Ground Armor Level 1, Zerg Flyer Armor Level 1  
  182  10:56  Zerg Melee Weapons Level 2, Chitinous Plating  
  182  10:58  Overlord  
  182  11:10  Spine Crawler  
  180  11:11  Spore Crawler  
  180  11:12  Spine Crawler  
  178  11:25  Ultralisk x3  
  196  11:37  Drone x3  
  197  11:49  Infestor  
  185  12:08  Ultralisk  
  185  12:09  Ultralisk  
  185  12:14  Zergling x6  
  190  12:48  Corruptor x4  
  190  12:49  Corruptor  
  198  12:52  Zerg Flyer Weapons Level 2  
  198  12:53  Zerg Ground Armor Level 2  
  182  12:59  Drone x5  
  182  13:00  Spine Crawler x2  
  182  13:06  Corruptor x8  
  195  13:24  Extractor  
  195  13:26  Extractor  
  193  13:31  Hatchery  
  192  13:35  Hatchery  
  179  13:43  Viper  
  179  13:45  Zergling x10  
  179  13:46  Zergling x26  
  179  13:47  Anabolic Synthesis  
  200  13:52  Pneumatized Carapace  
  200  13:53  Overseer x3  
  198  14:10  Zergling x4  
  188  14:28  Zergling x24  
  188  14:31  Baneling x17  
  199  14:33  Overlord x4  
  199  14:44  Spine Crawler  
  198  14:46  Spine Crawler  
  198  14:47  Spine Crawler  
  196  14:53  Zerg Melee Weapons Level 3  
  196  15:02  Viper  
  189  15:08  Zerg Flyer Armor Level 2  
  189  15:09  Zerg Missile Weapons Level 1  
  185  15:15  Corruptor x4  
  174  15:23  Corruptor x10  
  174  15:28  Zergling x16  
  196  15:31  Zergling x4  
  200  16:00  Baneling  
  200  16:01  Baneling x16, Zergling x2  
  200  16:02  Zergling x6  
  200  16:08  Overseer  
  200  16:09  Overseer  
  185  16:35  Brood Lord x3  
  185  16:36  Brood Lord x4  
  196  16:49  Brood Lord  
  198  16:56  Spine Crawler  
  198  16:57  Spine Crawler  
  198  16:58  Spore Crawler  
  195  17:03  Hatchery, Zergling x6  
  195  17:05  Baneling  
  195  17:06  Baneling x15  
  193  17:35  Zergling x22  
  199  17:50  Infestor  
  184  18:19  Zergling x44  
  186  18:25  Zergling x18  
  186  18:26  Zergling x28  
Tags
 
Add a new tag
Caveats
  • Supply blocks, unpowered buildings, or Contaminate may cause inaccurate times.
  • Supply counts are checked every 10 seconds.